 Dungeon Crawl Stone Soup version 0.17-a0-2147-gfb20a63 (webtiles) character file.

1306 kae the Cleaver (level 8, -9/64 HPs)
             Began as a Hill Orc Fighter on Oct 24, 2015.
             Splashed by a jelly's acid (10 damage)
             ... on level 6 of the Dungeon.
             The game lasted 00:05:46 (4527 turns).

kae the Cleaver (Hill Orc Fighter)                  Turns: 4527, Time: 00:05:46

Health: -9/64      AC: -2    Str: 19    XL:     8   Next: 57%
Magic:  8/8        EV:  7    Int:  8    God:
Gold:   291        SH:  9    Dex: 12    Spells: 0 memorised, 7 levels left

rFire  . . .     SeeInvis .     a - +1 war axe
rCold  + . .     Clarity  .     b - +0 scale mail
rNeg   . . .     SustAt   .     c - +0 shield
rPois  .         Gourm    .     (no helmet)
rElec  .         Spirit   .     (no cloak)
rCorr  .         Warding  .     x - +0 pair of gloves
rMut   .         Stasis   .     m - +0 pair of boots
MR     .....                    (no amulet)
Stlth  ..........               y - ring of protection from cold
                                i - ring of wizardry

@: about to teleport, corroded equipment, not resistant to hostile enchantments,
extremely unstealthy
A: no striking features
a: no special abilities


You were on level 6 of the Dungeon.
You were hungry.

You visited 1 branch of the dungeon, and saw 6 of its levels.

You collected 291 gold pieces.

Inventory:

Hand Weapons
 a - a +1 war axe (weapon)
Armour
 b - a +0 scale mail (worn)
 c - a +0 shield (worn)
 m - a +0 pair of boots (worn)
 x - a +0 pair of gloves (worn)
Jewellery
 i - a ring of wizardry (left hand)
 y - a ring of protection from cold (right hand)
Wands
 r - a wand of frost (23)
Scrolls
 n - a scroll of enchant weapon
 p - 3 scrolls of remove curse
 s - 3 scrolls of teleportation
 w - 2 scrolls of fog
 B - a scroll of noise
Potions
 d - 3 potions of might
 f - 2 potions of invisibility
 j - a potion of degeneration {unknown}
 k - 2 potions of brilliance
 l - 2 potions of lignification {unknown}
 o - 2 potions of magic {unknown}
 q - a potion of mutation {unknown}
 u - a potion of haste {unknown}
 v - a potion of cancellation {unknown}
 C - 3 potions of curing {unknown}
 E - a potion of ambrosia {unknown}
Comestibles
 e - 3 bread rations
 g - 2 beef jerkies
 h - a meat ration
 t - a chunk of flesh
 z - 4 fruits


   Skills:
 - Level 3.6 Fighting
 + Level 13.0 Axes
 - Level 3.2 Armour
 - Level 3.2 Shields


You had 7 spell levels left.
You didn't know any spells.

Dungeon Overview and Level Annotations

Branches:
Dungeon (6/15)
 Temple: D:4-7

Altars:
Fedhas
Nemelex Xobeh
Okawaru
Ru
Zin
The Shining One

Shops:
D:5 %   D:6 :


Message History

You are too injured to fight recklessly!
You slash the jelly! The acid corrodes you!
Your hands burn!
* * * LOW HITPOINT WARNING * * *
The jelly is heavily wounded.
You block the jelly's attack.
You slash the jelly!
Your hands burn!
* * * LOW HITPOINT WARNING * * *
The jelly is almost dead.
The jelly hits you.
* * * LOW HITPOINT WARNING * * *
You are splashed with acid!
The acid corrodes you!
The acid burns!
* * * LOW HITPOINT WARNING * * *
Drink which item? (? for menu, Esc to quit)
Okay, then.
Read which item? (? for menu, Esc to quit)
As you read the scroll of teleportation, it crumbles to dust.
You feel strangely unstable. The jelly hits you.
* * * LOW HITPOINT WARNING * * *
You are splashed with acid!
The acid corrodes you!
The acid burns!
You die...

#######.....[...........##
#.#
...........############..#
#.#
...........#############.##
#.#
........####..............#
#.# ........#
#..............###.#
........#
#...............##.#
...######
#.............#.##.# ...#
#.............#..#.# ..รท#
#....@........##.#.# ...#
#...J.........##.#.# ...#
###J############.#.#
...####### #..# ####...#
.........# ##.# #......#
.........# #.# ###..[..>###
#........# *#'#*
#....#.#.... #........#
*.J.* #.##.#...###
#........# *#P..#*
#.##.#.....#


You could see 2 jellies.

Vanquished Creatures
  A slime creature (D:6)
  A centaur (D:5)
  A phantom (D:4)
  An ogre (D:4)
  A crimson imp (D:6)
  A giant frog zombie (D:6)
  2 giant frog skeletons (D:4)
  A hound (D:4)
  2 iguanas
  2 orc priests (D:5)
  4 jellies (D:6)
  4 worker ants
  Terence (D:2)
  Natasha (thrice) (D:2)
  A hound zombie (D:5)
  A hound skeleton (D:6)
  6 adders
  4 gnolls (D:5)
  A shadow imp (D:6)
  10 oozes
  An adder skeleton (D:4)
  An adder zombie (D:5)
  A worm (D:2)
  10 orcs
  8 giant cockroaches
  15 goblins
  15 hobgoblins
  3 jackals
  5 quokkas
  2 bats (D:3)
  7 giant geckos
  A giant gecko skeleton (D:6)
  A giant gecko zombie (D:5)
  7 giant newts
  16 kobolds
  9 rats
150 creatures vanquished.

Vanquished Creatures (others)
  9 fungi (D:6)
9 creatures vanquished.

Grand Total: 159 creatures vanquished

Notes
Turn   | Place    | Note
--------------------------------------------------------------
     0 | D:1      | kae the Hill Orc Fighter began the quest for the Orb.
     0 | D:1      | Reached XP level 1. HP: 19/19 MP: 1/1
   348 | D:1      | Reached XP level 2. HP: 19/26 MP: 2/2
   376 | D:1      | Reached skill level 4 in Axes
   423 | D:1      | Reached XP level 3. HP: 22/31 MP: 3/3
   682 | D:1      | Reached skill level 5 in Axes
   794 | D:2      | Reached XP level 4. HP: 18/39 MP: 4/4
  1007 | D:2      | Noticed Terence
  1211 | D:2      | Killed Terence
  1211 | D:2      | Reached skill level 6 in Axes
  1350 | D:2      | Noticed Natasha
  1371 | D:2      | Killed Natasha
  1371 | D:2      | Reached XP level 5. HP: 36/45 MP: 5/5
  1601 | D:2      | Reached skill level 7 in Axes
  1693 | D:2      | Noticed Natasha
  1699 | D:2      | Killed Natasha
  1835 | D:2      | Noticed Natasha
  1837 | D:2      | Killed Natasha
  2366 | D:4      | Noticed an ogre
  2373 | D:4      | Killed an ogre
  2373 | D:4      | Reached skill level 8 in Axes
  2373 | D:4      | Reached XP level 6. HP: 29/51 MP: 6/6
  2495 | D:4      | Found a blossoming altar of Fedhas.
  2549 | D:4      | Found a glowing silver altar of Zin.
  2580 | D:4      | Found a glowing golden altar of the Shining One.
  2583 | D:4      | Found a sacrificial altar of Ru.
  2583 | D:4      | Found a sparkling altar of Nemelex Xobeh.
  2621 | D:4      | Reached skill level 9 in Axes
  2756 | D:4      | Found an iron altar of Okawaru.
  2871 | D:4      | Reached XP level 7. HP: 44/57 MP: 7/7
  3064 | D:5      | Entered Level 5 of the Dungeon
  3212 | D:5      | Reached skill level 10 in Axes
  3251 | D:5      | Found Fidodo's Food Boutique.
  3656 | D:5      | Reached skill level 11 in Axes
  4103 | D:6      | Reached XP level 8. HP: 64/64 MP: 8/8
  4110 | D:6      | Found Wikuyzi's Book Shoppe.
  4448 | D:6      | Noticed a slime creature
  4466 | D:6      | Reached skill level 12 in Axes
  4486 | D:6      | Killed a slime creature
  4522 | D:6      | Reached skill level 13 in Axes
  4527 | D:6      | HP: 1/64 [jelly (3)]
  4527 | D:6      | Splashed by a jelly's acid

Vault maps used:
D:1:      dpeg_arrival_simpleton_b
D:2:      minivault_11, minmay_misc_feat_cross, uniq_terence, uniq_natasha
D:3:      grunt_ministairs_14, minmay_liquid_box
D:4:      overflow_temple_1_default, nicolae_overflow_hidden_temple,
          okawaru_trees_2, first_bread, fedhas_altar_2
D:5:      corexii_shantytown, serial_shops, nicolae_shop_trees, st_stairs_8,
          grunt_decor_one_mirror, minmay_lizard_king
D:6:      lemuel_slime, serial_shops, shop

Action                   |  1- 3 |  4- 6 |  7- 9 || total
-------------------------+-------+-------+-------++-------
Melee: War axe           |    88 |   161 |   222 ||   471
  Use: Scroll            |       |     5 |     8 ||    13
       Potion            |       |     1 |       ||     1
 Stab: Invisible         |       |     3 |       ||     3
  Eat: Chunk             |       |     5 |     5 ||    10
       Royal jelly       |       |       |     1 ||     1
